BSA
BAFFIN ISLAND BEAVERS @ PORTLAND CARDS
08/25/2029
 
TOP OF THE 1ST
Baffin Island Beavers batting - Pitching for Portland Cards : RHP Manuel Fuentes
Pitching: RHP Manuel Fuentes
Batting: RHB Alden Isenhood 0-0: Called Strike
0-1: Swinging Strike
0-2: Ball
1-2: Foul Ball, location: 2F
1-2: Foul Ball, location: 2F
1-2: Strikes out looking
Batting: RHB Tony Morton 0-0: Ball
1-0: Called Strike
1-1: Foul Ball, location: 2F
1-2: Ground out 5-3 (Groundball, 56S)
Batting: LHB Howard Evans 0-0: Ball
1-0: Called Strike
1-1: Ball
2-1: Ground out U3 (Groundball, 34)
Top of the 1st over - 0 runs, 0 hits, 0 errors, 0 left on base; Baffin Island 0 - Portland 0
BOTTOM OF THE 1ST
Portland Cards batting - Pitching for Baffin Island Beavers : RHP Luis Vargas
Pitching: RHP Luis Vargas
Batting: LHB Troy Donaldson 0-0: Foul Ball, location: 2F
0-1: Ball
1-1: Called Strike
1-2: Ground out 4-3 (Groundball, 4)
Batting: RHB Norm Francis 0-0: Ball
1-0: Fly out, F7 (Flyball, 7S)
Batting: LHB Jeff Daniels 0-0: Called Strike
0-1: Foul Ball, location: 2F
0-2: Strikes out looking
Bottom of the 1st over - 0 runs, 0 hits, 0 errors, 0 left on base; Baffin Island 0 - Portland 0
TOP OF THE 2ND
Baffin Island Beavers batting - Pitching for Portland Cards : RHP Manuel Fuentes
Batting: RHB Dave Craig 0-0: Ball
1-0: Ball
2-0: Ball
3-0: Called Strike
3-1: Base on Balls
Batting: LHB Norberto Muńóz 0-0: Ball
1-0: Called Strike
1-1: SINGLE (Flyball, 7S)
Dave Craig to second
Batting: SHB Alonso Ferreira 0-0: Called Strike
0-1: SINGLE (Groundball, 34D)
Dave Craig to third
Norberto Muńóz to second
Runner from 3rd tries for Home, throw and OUT!
Batting: LHB Lorenzo Villa 0-0: Ball
1-0: Ball
2-0: Grounds into double play, 5-4-3 (Groundball, 56)
Top of the 2nd over - 0 runs, 2 hits, 0 errors, 1 left on base; Baffin Island 0 - Portland 0
BOTTOM OF THE 2ND
Portland Cards batting - Pitching for Baffin Island Beavers : RHP Luis Vargas
Batting: LHB Paul Mullins 0-0: Called Strike
0-1: Ground out 3-1 (Groundball, 34)
Batting: RHB António Zúńiga 0-0: Ball
1-0: Foul Ball, location: 2F
1-1: Ball
2-1: SINGLE (Flyball, 8RS)
Batting: LHB Chance Santry 0-0: Ball
1-0: Foul Ball, location: 2F
1-1: Foul Ball, location: 2F
1-2: Fly out, F5 (Popup, 56)
Batting: RHB Mario Méndez 0-0: Ball
1-0: Foul Ball, location: 2F
1-1: Foul Ball, location: 2F
1-2: Fly out, F8 (Flyball, 78M)
Bottom of the 2nd over - 0 runs, 1 hit, 0 errors, 1 left on base; Baffin Island 0 - Portland 0
TOP OF THE 3RD
Baffin Island Beavers batting - Pitching for Portland Cards : RHP Manuel Fuentes
Batting: LHB Eric Wheeler 0-0: Called Strike
0-1: Foul Ball, location: 2F
0-2: Ball
1-2: Strikes out swinging
Batting: LHB Mike MacFadden 0-0: Called Strike
0-1: Ball
1-1: Ball
2-1: Swinging Strike
2-2: Strikes out swinging
Batting: RHB Alden Isenhood 0-0: Foul Ball, location: 2F
0-1: Ball
1-1: Ball
2-1: Ball
3-1: Base on Balls
Batting: RHB Tony Morton 0-0: Swinging Strike
0-1: Ball
1-1: SINGLE (Groundball, 5S) (infield hit)
Alden Isenhood to second
Batting: LHB Howard Evans 0-0: SINGLE (Groundball, 34D)
Alden Isenhood to third
Tony Morton to second
Runner from 3rd tries for Home, throw and OUT!
Top of the 3rd over - 0 runs, 2 hits, 0 errors, 2 left on base; Baffin Island 0 - Portland 0
BOTTOM OF THE 3RD
Portland Cards batting - Pitching for Baffin Island Beavers : RHP Luis Vargas
Batting: RHB Jesús Gutiérrez 0-0: Fly out, F5 (Popup, 5SF)
Batting: RHB Willie Houk 0-0: Ball
1-0: Swinging Strike
1-1: Ball
2-1: Ball
3-1: Base on Balls
Pitching: RHP Colm Stewart
Batting: LHB Troy Donaldson 0-0: Foul Ball, location: 2F
0-1: Ball
1-1: Foul Ball, location: 2F
1-2: Ball
2-2: 2-RUN HOME RUN (Flyball, 9D), Distance : 362 ft
Batting: RHB Norm Francis 0-0: Ball
1-0: Ball
2-0: Fly out, F5 (Line Drive, 56)
Batting: LHB Jeff Daniels 0-0: Ball
1-0: Ball
2-0: Foul Ball, location: 2F
2-1: Ball
3-1: SINGLE (Line Drive, 56)
Batting: LHB Paul Mullins 0-0: Called Strike
0-1: Ground out 5-3 (Groundball, 56S)
Bottom of the 3rd over - 2 runs, 2 hits, 0 errors, 1 left on base; Baffin Island 0 - Portland 2
TOP OF THE 4TH
Baffin Island Beavers batting - Pitching for Portland Cards : RHP Manuel Fuentes
Batting: RHB Dave Craig 0-0: Called Strike
0-1: SINGLE (Groundball, 4MD)
Batting: LHB Norberto Muńóz 0-0: Ball
1-0: Called Strike
Throwing error on steal attempt, E2
Dave Craig to third
1-1: Ball
2-1: Ball
3-1: Base on Balls
Batting: SHB Alonso Ferreira 0-0: Ball
1-0: Swinging Strike
1-1: SINGLE (Flyball, 89S)
Dave Craig scores
Norberto Muńóz to second
Runner from 2nd tries for 3rd, SAFE, no throw
Batting: LHB Lorenzo Villa 0-0: Ball
1-0: Fly out, F4 (Popup, 4MS)
Batting: LHB Eric Wheeler 0-0: Ball
1-0: SINGLE (Line Drive, 6MD)
Norberto Muńóz scores
Alonso Ferreira to second
Batting: LHB Mike MacFadden 0-0: Ball
1-0: Fly out, F7 (Flyball, 7LMF)
Batting: RHB Alden Isenhood 0-0: Ball
1-0: Foul Ball, location: 2F
1-1: Swinging Strike
1-2: SINGLE (Groundball, 4D)
Alonso Ferreira to third
Eric Wheeler to second
Runner from 3rd tries for Home, SAFE, no throw
Batting: RHB Tony Morton 0-0: Foul Ball, location: 2F
0-1: Called Strike
0-2: Ball
1-2: Ball
Wild Pitch!
Eric Wheeler to third
Alden Isenhood to second
2-2: Strikes out swinging
Top of the 4th over - 3 runs, 4 hits, 1 error, 2 left on base; Baffin Island 3 - Portland 2
BOTTOM OF THE 4TH
Portland Cards batting - Pitching for Baffin Island Beavers : RHP Colm Stewart
Batting: RHB António Zúńiga 0-0: Ground out 6-3 (Groundball, 6)
Batting: LHB Chance Santry 0-0: Fly out, F8 (Flyball, 8RS)
Batting: RHB Mario Méndez 0-0: Foul Ball, location: 2F
0-1: Ball
1-1: Foul Ball, location: 2F
1-2: Ground out 5-3 (Groundball, 56)
Bottom of the 4th over - 0 runs, 0 hits, 0 errors, 0 left on base; Baffin Island 3 - Portland 2
TOP OF THE 5TH
Baffin Island Beavers batting - Pitching for Portland Cards : RHP Manuel Fuentes
Batting: LHB Howard Evans 0-0: Called Strike
0-1: Ball
1-1: Ground out 4-3 (Groundball, 4)
Batting: RHB Dave Craig 0-0: Fly out, F5 (Line Drive, 5L)
Batting: LHB Norberto Muńóz 0-0: Ball
1-0: SINGLE (Groundball, 6MD)
Batting: SHB Alonso Ferreira 0-0: Ball
1-0: Foul Ball, location: 2F
1-1: Ball
2-1: Foul Ball, location: 2F
2-2: SINGLE (Line Drive, 89M)
Norberto Muńóz to second
Batting: LHB Lorenzo Villa 0-0: Foul Ball, location: 2F
0-1: 3-RUN HOME RUN (Flyball, 89XD), Distance : 364 ft
Batting: LHB Eric Wheeler 0-0: Called Strike
0-1: Ball
1-1: SINGLE (Line Drive, 89S)
Batting: LHB Mike MacFadden 0-0: Ball
1-0: Ground out U3 (Groundball, 3)
Top of the 5th over - 3 runs, 4 hits, 0 errors, 1 left on base; Baffin Island 6 - Portland 2
BOTTOM OF THE 5TH
Portland Cards batting - Pitching for Baffin Island Beavers : RHP Colm Stewart
Batting: RHB Jesús Gutiérrez 0-0: Swinging Strike
0-1: Ball
1-1: SINGLE (Groundball, 56D)
Batting: RHB Willie Houk 0-0: Ball
1-0: Swinging Strike
1-1: Swinging Strike
1-2: Ball
2-2: Foul Ball, location: 2F
2-2: Hit by Pitch
Jesús Gutiérrez to second
Batting: LHB Troy Donaldson 0-0: Foul Ball, location: 2F
0-1: Ball
1-1: Grounds into double play, 4-6-3 (Groundball, 4)
Jesús Gutiérrez to third
Batting: RHB Norm Francis 0-0: Ball
1-0: Ball
2-0: Ball
3-0: Called Strike
3-1: Foul Ball, location: 2F
3-2: SINGLE (Line Drive, 8LS)
Jesús Gutiérrez scores
Batting: LHB Jeff Daniels 0-0: Swinging Strike
0-1: Ball
1-1: Ball
2-1: Foul Ball, location: 2F
2-2: SINGLE (Groundball, 56D)
Norm Francis to second
Pitching: LHP Jaime Guzmán
Batting: LHB Paul Mullins 0-0: Swinging Strike
0-1: Ball
1-1: Foul Ball, location: 2F
1-2: Ball
2-2: Foul Ball, location: 2F
2-2: SINGLE (Flyball, 56D)
Norm Francis to third
Jeff Daniels to second
Runner from 3rd tries for Home, SAFE, no throw
Batting: RHB António Zúńiga 0-0: Ground out 4-3 (Groundball, 4)
Bottom of the 5th over - 2 runs, 4 hits, 0 errors, 2 left on base; Baffin Island 6 - Portland 4
TOP OF THE 6TH
Baffin Island Beavers batting - Pitching for Portland Cards : RHP Manuel Fuentes
Pitching: RHP Taylor Bowen
Batting: RHB Alden Isenhood 0-0: Called Strike
0-1: Foul Ball, location: 2F
0-2: Foul Ball, location: 2F
0-2: Ground out 6-3 (Groundball, 6)
Batting: RHB Tony Morton 0-0: Ball
1-0: Ball
2-0: Ball
3-0: Fly out, F7 (Flyball, 7LMF)
Batting: LHB Howard Evans 0-0: Ball
1-0: Called Strike
1-1: Called Strike
1-2: Ball
2-2: Foul Ball, location: 2F
2-2: Ball
3-2: Base on Balls
Batting: RHB Dave Craig 0-0: Called Strike
0-1: Ball
1-1: Ball
2-1: SINGLE (Flyball, 34D)
Howard Evans to second
Runner from 2nd tries for 3rd, SAFE, throw made to third
Batting: LHB Norberto Muńóz 0-0: Fly out, F9 (Flyball, 9)
Top of the 6th over - 0 runs, 1 hit, 0 errors, 2 left on base; Baffin Island 6 - Portland 4
BOTTOM OF THE 6TH
Portland Cards batting - Pitching for Baffin Island Beavers : LHP Jaime Guzmán
Batting: LHB Chance Santry 0-0: Ball
1-0: Ground out 4-3 (Groundball, 4)
Batting: RHB Mario Méndez 0-0: Foul Ball, location: 2F
0-1: Ground out 5-3 (Groundball, 56)
Batting: RHB Jesús Gutiérrez 0-0: Ball
1-0: Ball
2-0: Ball
3-0: Called Strike
3-1: Foul Ball, location: 2F
3-2: Foul Ball, location: 2F
3-2: Foul Ball, location: 2F
3-2: Base on Balls
Batting: RHB Willie Houk 0-0: Ball
1-0: Foul Ball, location: 2F
1-1: Fly out, F7 (Flyball, 7LS)
Bottom of the 6th over - 0 runs, 0 hits, 0 errors, 1 left on base; Baffin Island 6 - Portland 4
TOP OF THE 7TH
Baffin Island Beavers batting - Pitching for Portland Cards : RHP Taylor Bowen
Batting: SHB Alonso Ferreira 0-0: Ball
1-0: Ground out 6-3 (Groundball, 6)
Pitching: LHP José Garza
Batting: LHB Lorenzo Villa 0-0: SINGLE (Flyball, 89S)
Batting: LHB Eric Wheeler 0-0: SINGLE (Flyball, 89S)
Lorenzo Villa to second
Lorenzo Villa to third
Batting: LHB Mike MacFadden 0-0: SINGLE (Groundball, 6MD)
Lorenzo Villa scores
Eric Wheeler to second
Pitching: LHP Jerry Beck
Batting: RHB Alden Isenhood 0-0: Grounds into double play, 6-4-3 (Groundball, 6D)
Top of the 7th over - 1 run, 3 hits, 0 errors, 1 left on base; Baffin Island 7 - Portland 4
BOTTOM OF THE 7TH
Portland Cards batting - Pitching for Baffin Island Beavers : LHP Jaime Guzmán
Batting: LHB Troy Donaldson 0-0: SINGLE (Flyball, 6D)
Batting: RHB Norm Francis 0-0: Ball
1-0: Ball
2-0: Ball
3-0: Called Strike
3-1: Foul Ball, location: 2F
3-2: Base on Balls
Troy Donaldson to second
Batting: LHB Jeff Daniels 0-0: Ball
1-0: Called Strike
1-1: Ball
2-1: Swinging Strike
2-2: Strikes out swinging
Batting: LHB Paul Mullins 0-0: Ball
1-0: Ball
2-0: Called Strike
2-1: SINGLE (Groundball, 5D)
Troy Donaldson to third
Norm Francis to second
Runner from 3rd tries for Home, SAFE, no throw
Pitching: RHP Beau Brown
Batting: RHB António Zúńiga 0-0: Called Strike
0-1: Ball
1-1: Grounds into double play, 4-6-3 (Groundball, 4)
Bottom of the 7th over - 1 run, 2 hits, 0 errors, 1 left on base; Baffin Island 7 - Portland 5
TOP OF THE 8TH
Baffin Island Beavers batting - Pitching for Portland Cards : LHP Jerry Beck
Batting: RHB Tony Morton 0-0: Ball
1-0: Ground out 6-3 (Groundball, 6)
Batting: LHB Howard Evans 0-0: Ball
1-0: Called Strike
1-1: Foul Ball, location: 2F
1-2: Ball
2-2: Ball
3-2: Ground out 3-1 (Groundball, 3S)
Batting: RHB Dave Craig 0-0: Ball
1-0: Swinging Strike
1-1: Swinging Strike
1-2: Ball
2-2: Ball
3-2: Ground out 1-3 (Groundball, 13)
Top of the 8th over - 0 runs, 0 hits, 0 errors, 0 left on base; Baffin Island 7 - Portland 5
BOTTOM OF THE 8TH
Portland Cards batting - Pitching for Baffin Island Beavers : RHP Beau Brown
Batting: LHB Chance Santry 0-0: Ball
1-0: Ball
2-0: Called Strike
2-1: Fly out, F7 (Flyball, 7)
Batting: RHB Mario Méndez 0-0: Ball
1-0: Ball
2-0: Foul Ball, location: 2F
2-1: Ball
3-1: SINGLE (Groundball, 6D)
Batting: RHB Jesús Gutiérrez 0-0: Swinging Strike
0-1: Ball
1-1: Foul Ball, location: 2F
1-2: Foul Ball, location: 2F
1-2: Fly out, F4 (Popup, 4S)
Batting: RHB Willie Houk 0-0: Ball
1-0: Fly out, F7 (Flyball, 78D)
Bottom of the 8th over - 0 runs, 1 hit, 0 errors, 1 left on base; Baffin Island 7 - Portland 5
TOP OF THE 9TH
Baffin Island Beavers batting - Pitching for Portland Cards : LHP Jerry Beck
Pitching: LHP Valentín Reséndez
Batting: LHB Norberto Muńóz 0-0: Ball
1-0: Called Strike
1-1: Ball
2-1: Foul Ball, location: 2F
2-2: Ball
3-2: DOUBLE (Line Drive, 9LM)
Batting: SHB Alonso Ferreira 0-0: Swinging Strike
0-1: Foul Ball, location: 2F
0-2: Ground out 1-3 (Groundball, 15)
Batting: LHB Lorenzo Villa 0-0: Foul Ball, location: 2F
0-1: Ball
1-1: Called Strike
1-2: Ball
2-2: Strikes out swinging
Batting: LHB Eric Wheeler 0-0: Swinging Strike
0-1: Swinging Strike
0-2: Ball
1-2: Ball
2-2: Ball
3-2: Strikes out swinging
Top of the 9th over - 0 runs, 1 hit, 0 errors, 1 left on base; Baffin Island 7 - Portland 5
BOTTOM OF THE 9TH
Portland Cards batting - Pitching for Baffin Island Beavers : RHP Beau Brown
Pitching: RHP Tony Rocha
Batting: LHB Troy Donaldson 0-0: Swinging Strike
0-1: Ball
1-1: Ball
2-1: Called Strike
2-2: SOLO HOME RUN (Flyball, 78XD), Distance : 379 ft
Batting: RHB Norm Francis 0-0: Fly out, F9 (Flyball, 9LM)
Batting: LHB Jeff Daniels 0-0: Ball
1-0: Ball
2-0: Ground out U3 (Groundball, 34)
Batting: LHB Paul Mullins 0-0: Ball
1-0: Swinging Strike
1-1: Ball
2-1: Ball
3-1: Base on Balls
Batting: RHB António Zúńiga 0-0: Ball
1-0: Called Strike
1-1: Swinging Strike
1-2: Foul Ball, location: 2F
1-2: DOUBLE (Line Drive, 9LD)
Paul Mullins to third
Batting: LHB Chance Santry 0-0: Ground out 4-3 (Groundball, 4S)
Bottom of the 9th over - 1 run, 2 hits, 0 errors, 2 left on base; Baffin Island 7 - Portland 6
Saturday, December 16th, 2017 - OOTP Baseball 18.8 Build 76